AoeStats
← waLLefps.

Arena

507601081Analyzed
4v4 RM · 12d ago on Sep 19, 2026· 64m 45s· 8 players
Game mode
Random Map
Map size
Large (8 player)
Population
200
Speed
Normal
Resources
Standard
Victory
Conquest
Starting age
Dark Age
Ending age
Imperial Age
RankedLock teamsTeams togetherTeam positionsShared explorationLock speedFull tech treeHidden civsTurbo modeCheats
Victory
Defeat
🇺🇸 Slavs · United States
1384
+17
🇺🇸 Dravidians · United States
1383
+17
🇺🇸 Lithuanians · United States
1375
+17
🇹🇼 Japanese · Taiwan
1371
+18
🇹🇷 Britons · Türkiye
1466
-19
🇹🇷 Malay · Türkiye
1444
-19
🇹🇷 Khitans · Türkiye
1393
-17
🇦🇷 Spanish · Argentina
1324
-14
NoobProElite
10:30 Feudal Age
8:45 Loom
11:39 Double-Bit Axe
11:58 Horse Collar
16:08 Castle Age
17:36 Bow Saw
20:42 Wheelbarrow
21:04 Heavy Plow
20:57 Stone Mining
21:04 Gold Mining
22:43 Gold Shaft Mining
23:03 Hand Cart
24:41 Scale Mail Armor
24:51 Forging
24:40 Pikeman
25:41 Chain Mail Armor
28:57 Iron Casting
28:13 Fletching
31:25 Imperial Age
28:57 Detinets
29:25 Squires
29:34 Scale Barding Armor
29:41 Man-at-Arms
30:53 Long Swordsman
32:31 Bodkin Arrow
32:57 Chain Barding Armor
32:04 Halberdier
32:05 Capped Ram
33:35 Plate Mail Armor
34:05 Blast Furnace
33:17 Siege Ram
33:33 Two-Handed Swordsman
35:38 Champion
38:10 Conscription
37:51 Druzhina
37:19 Elite Boyar
38:41 Plate Barding Armor
39:20 Heavy Scorpion
41:42 Caravan
42:16 Coinage
44:03 Banking
44:07 Crop Rotation
44:40 Two-Man Saw
45:26 Town Watch
50:52 Onager
61:09 Bloodlines
60:59 Husbandry
61:01 Cavalier
62:28 Light Cavalry
Maximus_jr
10:07 Feudal Age
14:41 Castle Age
13:39 Double-Bit Axe
13:36 Horse Collar
17:12 Sanctity
17:28 Fervor
18:54 Loom
20:07 Bow Saw
22:51 Wheelbarrow
25:08 Hand Cart
25:20 Heavy Plow
28:08 Gold Mining
28:10 Stone Mining
31:32 Imperial Age
29:25 Bloodlines
29:18 Husbandry
29:44 Town Watch
30:27 Scale Barding Armor
30:34 Forging
31:31 Chain Barding Armor
31:43 Cavalier
33:33 Plate Barding Armor
33:34 Iron Casting
35:34 Masonry
35:55 Ballistics
36:37 Chemistry
35:05 Paladin
37:07 Fletching
37:50 Architecture
38:49 Bodkin Arrow
38:55 Padded Archer Armor
39:25 Elite Skirmisher
40:50 Bracer
43:39 Leather Archer Armor
45:08 Thumb Ring
46:57 Tower Shields
47:18 Conscription
47:38 Light Cavalry
48:56 Ring Archer Armor
51:27 Hoardings
51:29 Winged Hussar
53:57 Caravan
61:48 Crop Rotation
TestofOne
10:40 Feudal Age
11:42 Loom
15:00 Castle Age
13:47 Fletching
16:20 Double-Bit Axe
17:27 Pikeman
22:57 Squires
23:19 Crossbowman
27:02 Wheelbarrow
27:10 Horse Collar
27:17 Town Watch
27:52 Heavy Plow
28:39 Bow Saw
30:18 Thumb Ring
33:12 Imperial Age
30:11 Elite Skirmisher
32:07 Bodkin Arrow
32:25 Scale Mail Armor
33:23 Forging
33:41 Elite Elephant Archer
34:29 Halberdier
35:55 Bracer
36:57 Ballistics
36:42 Gold Mining
36:42 Stone Mining
36:30 Man-at-Arms
36:55 Gambesons
37:30 Chain Mail Armor
37:50 Iron Casting
37:32 Arson
37:19 Long Swordsman
38:57 Plate Mail Armor
39:44 Chemistry
38:33 Two-Handed Swordsman
40:22 Wootz Steel
44:14 Champion
44:28 Siege Elephant
50:10 Caravan
51:51 Medical Corps
52:43 Elite Urumi Swordsman
52:51 Elite Urumi Swordsman
53:52 Conscription
54:17 Arbalester
56:22 Husbandry
59:25 Masonry
59:47 Onager
虞小梅
11:26 Feudal Age
15:21 Castle Age
13:35 Double-Bit Axe
13:56 Horse Collar
15:17 Loom
16:54 Bow Saw
18:00 Scale Mail Armor
20:29 Chain Mail Armor
29:31 Heavy Plow
30:49 Wheelbarrow
32:33 Hand Cart
35:16 Fortified Wall
34:47 Treadmill Crane
38:58 Imperial Age
36:52 Fletching
37:02 Padded Archer Armor
37:05 Gold Mining
37:05 Stone Mining
37:09 Gold Mining
37:10 Stone Mining
37:44 Ballistics
39:29 Masonry
39:44 Bodkin Arrow
40:04 Leather Archer Armor
39:13 Elite Skirmisher
39:26 Heavy Cavalry Archer
40:14 Thumb Ring
41:19 Chemistry
40:29 Guard Tower
40:24 Arrowslits
40:42 Yasama
41:46 Murder Holes
43:04 Bracer
klostrofobikköstebek
10:13 Feudal Age
14:33 Castle Age
12:55 Double-Bit Axe
13:11 Horse Collar
16:20 Wheelbarrow
15:59 Heavy Plow
17:52 Loom
20:52 Bow Saw
23:56 Hand Cart
29:00 Imperial Age
27:34 Padded Archer Armor
27:26 Fletching
28:23 Gold Mining
28:23 Stone Mining
29:16 Elite Longbowman
30:51 Yeomen
31:36 Two-Man Saw
31:41 Leather Archer Armor
31:40 Bodkin Arrow
31:07 Pikeman
31:48 Squires
32:23 Conscription
32:32 Ballistics
33:12 Ring Archer Armor
32:49 Scale Mail Armor
33:00 Forging
33:10 Halberdier
33:56 Bracer
35:12 Chain Mail Armor
35:33 Iron Casting
34:46 Arson
36:14 Gold Shaft Mining
36:49 Plate Mail Armor
37:19 Blast Furnace
37:42 Coinage
39:08 Warwolf
40:12 Blast Furnace
40:30 Chemistry
39:36 Siege Engineers
40:04 Scale Barding Armor
40:54 Murder Holes
42:49 Chain Barding Armor
42:51 Fortified Wall
45:05 Man-at-Arms
45:39 Gambesons
45:48 Long Swordsman
47:56 Plate Barding Armor
48:37 Long Swordsman
50:23 Hoardings
49:29 Two-Handed Swordsman
50:51 Banking
53:41 Champion
54:42 Capped Ram
56:37 Heavy Scorpion
61:04 Caravan
waLLefps.
5:20 Loom
12:21 Feudal Age
15:51 Castle Age
13:45 Double-Bit Axe
14:50 Horse Collar
15:38 Bow Saw
17:47 Heavy Plow
21:22 Wheelbarrow
22:04 Forging
24:52 Fletching
25:39 Loom
26:58 Bodkin Arrow
30:00 Hand Cart
29:31 Town Watch
30:48 Gold Mining
34:03 Imperial Age
31:49 Stone Mining
33:20 Iron Casting
34:05 Conscription
35:07 Blast Furnace
34:08 Pikeman
34:49 Squires
34:34 Arson
35:25 Bracer
36:28 Chemistry
35:22 Elite Karambit Warrior
36:21 Halberdier
38:39 Crop Rotation
39:08 Gold Shaft Mining
39:31 Ballistics
39:16 Siege Engineers
53:12 Caravan
Tameryig1t
11:05 Feudal Age
15:43 Castle Age
13:35 Double-Bit Axe
14:26 Scale Mail Armor
14:29 Loom
15:19 Wheelbarrow
15:36 Domestication
16:14 Scale Barding Armor
16:19 Forging
16:48 Husbandry
21:39 Bow Saw
29:24 Imperial Age
27:10 Hand Cart
28:12 Pastoralism
28:35 Light Cavalry
30:31 Chain Barding Armor
30:47 Iron Casting
31:07 Hand Cart
30:37 Town Watch
31:58 Transhumance
33:46 Plate Barding Armor
33:27 Elite Steppe Lancer
34:10 Scale Mail Armor
34:18 Fletching
34:29 Padded Archer Armor
34:32 Elite Skirmisher
35:49 Parthian Tactics
36:13 Thumb Ring
35:59 Arson
36:14 Squires
35:59 Gambesons
36:12 Bodkin Arrow
37:01 Gold Mining
37:02 Stone Mining
37:48 Bracer
38:03 Leather Archer Armor
38:48 Leather Archer Armor
39:00 Ballistics
40:32 Chemistry
40:23 Chain Mail Armor
40:39 Ring Archer Armor
40:42 Conscription
41:09 Elite Fire Lancer
52:03 Two-Man Saw
51:38 Plate Mail Armor
51:33 Treadmill Crane
52:00 Heavy Cavalry Archer
56:22 Hussar
garciaezequiel91
11:17 Feudal Age
14:49 Castle Age
13:01 Double-Bit Axe
13:32 Horse Collar
14:34 Loom
16:04 Bow Saw
16:01 Heavy Plow
25:09 Gold Mining
30:06 Imperial Age
28:31 Scale Barding Armor
28:39 Forging
29:48 Wheelbarrow
29:31 Bloodlines
29:25 Husbandry
29:41 Stone Mining
30:29 Chain Barding Armor
31:08 Hand Cart
32:14 Two-Man Saw
31:09 Cavalier
33:47 Plate Barding Armor
33:54 Conscription
33:59 Supremacy
34:52 Iron Casting
37:34 Blast Furnace
36:35 Scale Mail Armor
39:40 Chain Mail Armor
41:56 Plate Mail Armor
42:29 Town Watch
57:29 Fletching
58:35 Bodkin Arrow
59:18 Bracer
Connection lost

Rejoining the realm…

Still unreachable

The connection could not be restored.

Session expired

The server has moved on; the page needs a fresh start.